PCL
MEXICO CITY CERVECEROS @ MILE HIGH BRONCOS
09/09/2023
 
TOP OF THE 1ST
Mexico City Cerveceros batting - Pitching for Mile High Broncos : RHP Bob Smith
Pitching: RHP Bob Smith
Batting: LHB Javier Escobedo 0-0: Bunt for hit - play at first, batter OUT! 1-3
Batting: RHB Robert Johnson 0-0: Ball
1-0: Ball
2-0: Fly out, F9 (Flyball, 9D)
Batting: LHB Chad Weaver 0-0: Foul Ball, location: 2F
0-1: Ball
1-1: Called Strike
1-2: Ball
2-2: Ball
3-2: Foul Ball, location: 2F
3-2: SINGLE (Groundball, 6M)
Batting: LHB Eduardo Gómez 0-0: Foul Ball, location: 2F
0-1: Ball
1-1: Ball
2-1: Ball
3-1: Called Strike
3-2: Foul Ball, location: 2F
3-2: Foul Ball, location: 2F
3-2: SINGLE (Groundball, 34D)
Chad Weaver to second
Chad Weaver to third
Batting: RHB Rafael Rincón 0-0: Called Strike
0-1: Called Strike
0-2: Ball
1-2: Ball
2-2: Strikes out swinging
Top of the 1st over - 0 run(s), 2 hit(s), 0 error(s), 2 left on base; Mexico City 0 - Mile High 0
BOTTOM OF THE 1ST
Mile High Broncos batting - Pitching for Mexico City Cerveceros : RHP Thomas Hughes
Pitching: RHP Thomas Hughes
Batting: RHB Damian Yates 0-0: Foul Ball, location: 2F
0-1: Ball
1-1: Foul Ball, location: 2F
1-2: DOUBLE (Flyball, 8RD)
Batting: RHB Phil White 0-0: Ball
1-0: Ball
2-0: Foul Ball, location: 2F
2-1: TRIPLE (Line Drive, 89D)
Damian Yates scores
Batting: LHB Bill Houston 0-0: Called Strike
0-1: DOUBLE (Line Drive, 8LXD)
Phil White scores
Batting: RHB Vincente Ventura 0-0: Swinging Strike
0-1: Foul Ball, location: 2F
0-2: Ball
1-2: Ball
2-2: Ball
3-2: Strikes out swinging
Batting: RHB Juan Jose Guevana 0-0: Foul Ball, location: 2F
0-1: Called Strike
0-2: Strikes out looking
Batting: RHB Jesús Espinoza 0-0: Called Strike
0-1: Foul Ball, location: 2F
0-2: Ball
1-2: Ball
2-2: Strikes out swinging
Bottom of the 1st over - 2 run(s), 3 hit(s), 0 error(s), 1 left on base; Mexico City 0 - Mile High 2
TOP OF THE 2ND
Mexico City Cerveceros batting - Pitching for Mile High Broncos : RHP Bob Smith
Batting: LHB Brandon Cummings 0-0: Called Strike
0-1: Bunted foul
0-2: Foul Ball, location: 2F
0-2: Ball
1-2: Ball
2-2: Ball
3-2: Foul Ball, location: 2F
3-2: Base on Balls
Batting: RHB Henning Huisman 0-0: Foul Ball, location: 2F
0-1: Swinging Strike
0-2: Strikes out swinging
Batting: RHB Iván Gonzáles 0-0: Called Strike
0-1: Ball
1-1: SINGLE (Line Drive, 56D)
Brandon Cummings to second
Batting: RHB Roberto Zamora 0-0: Ball
1-0: Called Strike
1-1: Ball
2-1: Foul Ball, location: 2F
2-2: Foul Ball, location: 2F
2-2: Strikes out looking
Batting: LHB Javier Escobedo 0-0: Fly out, F6 (Popup, 56D)
Top of the 2nd over - 0 run(s), 1 hit(s), 0 error(s), 2 left on base; Mexico City 0 - Mile High 2
BOTTOM OF THE 2ND
Mile High Broncos batting - Pitching for Mexico City Cerveceros : RHP Thomas Hughes
Batting: RHB José Herrera 0-0: Swinging Strike
0-1: Ground out 6-3 (Groundball, 6M)
Batting: RHB Ximena Campos 0-0: Called Strike
0-1: Hit by Pitch
Batting: SHB Tom Stevens 0-0: Ball
1-0: Swinging Strike
1-1: Swinging Strike
1-2: Foul Ball, location: 2F
1-2: Ball
2-2: Foul Ball, location: 2F
2-2: Strikes out swinging
Batting: RHB Damian Yates 0-0: Ball
1-0: Called Strike
1-1: Ball
2-1: Ball
3-1: Base on Balls
Ximena Campos to second
Batting: RHB Phil White 0-0: Called Strike
0-1: Ball
1-1: Ball
Wild Pitch!
Ximena Campos to third
Damian Yates to second
2-1: Fly out, F4 (Popup, 4MD)
Bottom of the 2nd over - 0 run(s), 0 hit(s), 0 error(s), 2 left on base; Mexico City 0 - Mile High 2
TOP OF THE 3RD
Mexico City Cerveceros batting - Pitching for Mile High Broncos : RHP Bob Smith
Batting: RHB Robert Johnson 0-0: Ball
1-0: Called Strike
1-1: Ball
2-1: Ball
3-1: Foul Ball, location: 2F
3-2: Foul Ball, location: 2F
3-2: Base on Balls
Batting: LHB Chad Weaver 0-0: Fly out, F1 (Popup, 15)
Batting: LHB Eduardo Gómez Pickoff Throw to First - Out!
0-0: Ball
1-0: Ground out 4-3 (Groundball, 4)
Top of the 3rd over - 0 run(s), 0 hit(s), 0 error(s), 0 left on base; Mexico City 0 - Mile High 2
BOTTOM OF THE 3RD
Mile High Broncos batting - Pitching for Mexico City Cerveceros : RHP Thomas Hughes
Batting: LHB Bill Houston 0-0: Ball
1-0: Called Strike
1-1: Ball
2-1: Foul Ball, location: 2F
2-2: SINGLE (Groundball, 4MS)
Batting: RHB Vincente Ventura 0-0: Swinging Strike
0-1: Called Strike
0-2: Grounds into double play, 5-4-3 (Groundball, 5)
Batting: RHB Juan Jose Guevana 0-0: Swinging Strike
0-1: Fly out, F4 (Popup, 3L)
Bottom of the 3rd over - 0 run(s), 1 hit(s), 0 error(s), 0 left on base; Mexico City 0 - Mile High 2
TOP OF THE 4TH
Mexico City Cerveceros batting - Pitching for Mile High Broncos : RHP Bob Smith
Batting: RHB Rafael Rincón 0-0: Ball
1-0: Swinging Strike
1-1: Ball
2-1: Ball
3-1: Base on Balls
Batting: LHB Brandon Cummings 0-0: Called Strike
0-1: Foul Ball, location: 2F
0-2: Strikes out looking
Batting: RHB Henning Huisman 0-0: SINGLE (Groundball, 6M)
Rafael Rincón to second
Runner from 2nd tries for 3rd, SAFE, throw made to third
Batting: RHB Iván Gonzáles 0-0: Ball
1-0: Ball
Henning Huisman steals 2nd base
2-0: Fly out, F3 (Popup, 3F)
Batting: RHB Roberto Zamora 0-0: Ball
1-0: Ball
2-0: Called Strike
2-1: TRIPLE (Line Drive, 8LM)
Rafael Rincón scores
Henning Huisman scores
Batting: LHB Javier Escobedo 0-0: Ball
1-0: Ball
2-0: Ball
3-0: Base on Balls
Batting: RHB Robert Johnson 0-0: Ball
1-0: Fielders Choice at 2nd, U6 (Groundball, 6M)
Top of the 4th over - 2 run(s), 2 hit(s), 0 error(s), 2 left on base; Mexico City 2 - Mile High 2
BOTTOM OF THE 4TH
Mile High Broncos batting - Pitching for Mexico City Cerveceros : RHP Thomas Hughes
Batting: RHB Jesús Espinoza 0-0: Called Strike
0-1: Ball
1-1: Ball
2-1: Ground out 4-3 (Groundball, 4M)
Batting: RHB José Herrera 0-0: Ball
1-0: Swinging Strike
1-1: Fly out, F9 (Flyball, 89M)
Batting: RHB Ximena Campos 0-0: Ball
1-0: Called Strike
1-1: Fly out, F7 (Flyball, 7M)
Bottom of the 4th over - 0 run(s), 0 hit(s), 0 error(s), 0 left on base; Mexico City 2 - Mile High 2
TOP OF THE 5TH
Mexico City Cerveceros batting - Pitching for Mile High Broncos : RHP Bob Smith
Batting: LHB Chad Weaver 0-0: Foul Ball, location: 2F
0-1: Foul Ball, location: 2F
0-2: Fly out, F5 (Popup, 5SF)
Batting: LHB Eduardo Gómez 0-0: Swinging Strike
0-1: Foul Ball, location: 2F
0-2: Foul Ball, location: 2F
0-2: Ground out 4-3 (Groundball, 4M)
Batting: RHB Rafael Rincón 0-0: Called Strike
0-1: Called Strike
0-2: Ball
1-2: Foul Ball, location: 2F
1-2: SINGLE (Line Drive, 7LM)
Batting: LHB Brandon Cummings 0-0: Ball
1-0: Swinging Strike
1-1: Foul Ball, location: 2F
1-2: DOUBLE (Line Drive, 89D)
Rafael Rincón to third
Pitching: LHP Mark Stewart
Batting: RHB Henning Huisman 0-0: Called Strike
0-1: Swinging Strike
0-2: Ball
1-2: Strikes out swinging
Top of the 5th over - 0 run(s), 2 hit(s), 0 error(s), 2 left on base; Mexico City 2 - Mile High 2
BOTTOM OF THE 5TH
Mile High Broncos batting - Pitching for Mexico City Cerveceros : RHP Thomas Hughes
Batting: SHB Tom Stevens 0-0: Foul Ball, location: 2F
0-1: SINGLE (Groundball, 56D)
Batting: RHB Damian Yates 0-0: Ball
1-0: Foul Ball, location: 2F
1-1: Fly out, F9 (Flyball, 89M)
Batting: RHB Phil White 0-0: Ball
1-0: Called Strike
1-1: Ball
2-1: Foul Ball, location: 2F
2-2: Fly out, F9 (Flyball, 9LM)
Batting: LHB Bill Houston 0-0: Called Strike
0-1: Swinging Strike
0-2: Strikes out swinging
Bottom of the 5th over - 0 run(s), 1 hit(s), 0 error(s), 1 left on base; Mexico City 2 - Mile High 2
TOP OF THE 6TH
Mexico City Cerveceros batting - Pitching for Mile High Broncos : LHP Mark Stewart
Batting: RHB Iván Gonzáles 0-0: Ball
1-0: SINGLE (Line Drive, 34D)
Batting: RHB Roberto Zamora 0-0: Grounds into double play, 6-4-3 (Groundball, 6)
Batting: LHB Javier Escobedo 0-0: Swinging Strike
0-1: Foul Ball, location: 2F
0-2: Foul Ball, location: 2F
0-2: Strikes out swinging
Top of the 6th over - 0 run(s), 1 hit(s), 0 error(s), 0 left on base; Mexico City 2 - Mile High 2
BOTTOM OF THE 6TH
Mile High Broncos batting - Pitching for Mexico City Cerveceros : RHP Thomas Hughes
Batting: RHB Vincente Ventura 0-0: Fly out, F4 (Popup, 4D)
Batting: RHB Juan Jose Guevana 0-0: Ball
1-0: Ball
2-0: Foul Ball, location: 2F
2-1: Fly out, F7 (Line Drive, 7LD)
Batting: RHB Jesús Espinoza 0-0: Foul Ball, location: 2F
0-1: DOUBLE (Line Drive, 89XD)
Batting: RHB José Herrera 0-0: SINGLE (Line Drive, 7LS)
Jesús Espinoza to third
Runner from 3rd tries for Home, SAFE, throw made home
José Herrera to second
Batting: RHB Ximena Campos 0-0: Fly out, F9 (Flyball, 89D)
Bottom of the 6th over - 1 run(s), 2 hit(s), 0 error(s), 1 left on base; Mexico City 2 - Mile High 3
TOP OF THE 7TH
Mexico City Cerveceros batting - Pitching for Mile High Broncos : LHP Mark Stewart
Batting: RHB Robert Johnson 0-0: Ball
1-0: Ball
2-0: Foul Ball, location: 2F
2-1: Ball
3-1: Swinging Strike
3-2: Base on Balls
Pinch Hitting: RHB Pablo Trujillo 0-0: Fly out, F2 (Popup, 2RF)
Pinch Hitting: RHB Dave Morgan 0-0: Swinging Strike
0-1: Swinging Strike
0-2: Foul Ball, location: 2F
0-2: Foul Ball, location: 2F
0-2: Foul Ball, location: 2F
0-2: Strikes out looking
Batting: RHB Rafael Rincón 0-0: Ball
1-0: Called Strike
1-1: Ball
2-1: Foul Ball, location: 2F
2-2: Ground out 4-3 (Groundball, 13)
Top of the 7th over - 0 run(s), 0 hit(s), 0 error(s), 1 left on base; Mexico City 2 - Mile High 3
BOTTOM OF THE 7TH
Mile High Broncos batting - Pitching for Mexico City Cerveceros : RHP Thomas Hughes
Now at 1B: Francisco Franco
Now in RF: Pablo Trujillo
Batting: SHB Tom Stevens 0-0: Called Strike
0-1: Foul Ball, location: 2F
0-2: Ball
1-2: Foul Ball, location: 2F
1-2: Strikes out looking
Batting: RHB Damian Yates 0-0: Called Strike
0-1: Foul Ball, location: 2F
0-2: Foul Ball, location: 2F
0-2: Ball
1-2: Ball
2-2: Ball
3-2: Ground out 5-3 (Groundball, 56)
Batting: RHB Phil White 0-0: Foul Ball, location: 2F
0-1: Ball
1-1: Swinging Strike
1-2: Strikes out swinging
Bottom of the 7th over - 0 run(s), 0 hit(s), 0 error(s), 0 left on base; Mexico City 2 - Mile High 3
TOP OF THE 8TH
Mexico City Cerveceros batting - Pitching for Mile High Broncos : LHP Mark Stewart
Batting: LHB Brandon Cummings 0-0: Ball
1-0: Ball
2-0: Foul Ball, location: 2F
2-1: Foul Ball, location: 2F
2-2: Fly out, F9 (Flyball, 9M)
Pitching: RHP Dave Powers
Batting: RHB Henning Huisman 0-0: Ball
1-0: Ball
2-0: SINGLE (Groundball, 56D)
Batting: RHB Iván Gonzáles 0-0: Called Strike
0-1: Ball
1-1: Ball
2-1: Foul Ball, location: 2F
2-2: Strikes out looking
Pinch Hitting: RHB Reynold Akker 0-0: Called Strike
0-1: Fly out, F4 (Popup, 4M)
Top of the 8th over - 0 run(s), 1 hit(s), 0 error(s), 1 left on base; Mexico City 2 - Mile High 3
BOTTOM OF THE 8TH
Mile High Broncos batting - Pitching for Mexico City Cerveceros : RHP Thomas Hughes
Pitching: RHP Jared Cameron
Now at 2B: Reynold Akker
Batting: LHB Bill Houston 0-0: Ball
1-0: Called Strike
1-1: Called Strike
1-2: SINGLE (Line Drive, 89M)
Pinch Hitting: RHB Su-kweon Yu 0-0: Called Strike
Bill Houston is caught stealing 2nd base
0-1: Foul Ball, location: 2F
0-2: Ball
1-2: Strikes out swinging
Batting: RHB Juan Jose Guevana 0-0: Called Strike
0-1: Ball
1-1: SINGLE (Groundball, 56D)
Batting: RHB Jesús Espinoza 0-0: Ball
1-0: DOUBLE (Line Drive, 7LD)
Juan Jose Guevana to third
Runner from 3rd tries for Home, SAFE, no throw or cutoff
Batting: RHB José Herrera 0-0: Ground out 5-3 (Groundball, 5)
Bottom of the 8th over - 1 run(s), 3 hit(s), 0 error(s), 1 left on base; Mexico City 2 - Mile High 4
TOP OF THE 9TH
Mexico City Cerveceros batting - Pitching for Mile High Broncos : RHP Dave Powers
Pitching: RHP Yong-taek Yi
Now at SS: Juan Gonzáles
Batting: LHB Javier Escobedo 0-0: Foul Ball, location: 2F
0-1: Swinging Strike
0-2: Strikes out looking
Batting: RHB Robert Johnson 0-0: Ball
1-0: Ground out 6-3 (Groundball, 6M)
Batting: RHB Pablo Trujillo 0-0: Called Strike
0-1: Foul Ball, location: 2F
0-2: Ball
1-2: Strikes out looking
Top of the 9th over - 0 run(s), 0 hit(s), 0 error(s), 0 left on base; Mexico City 2 - Mile High 4
This league is powered by Out of the Park Baseball, the baseball management simulation game for PC, Mac and Linux
Wednesday, December 2nd, 2015 - OOTP Baseball 16.8 Build 38